 Dungeon Crawl Stone Soup version 0.20.1-1-g8b1a95d (webtiles) character file.

5056 Kunitse the Fighter (level 10, -8/68 HPs)
             Began as a Kobold Berserker on Oct 4, 2017.
             Was a Priest of Trog.
             Mangled by an orc warrior
             ... wielding a +0 battleaxe
              (20 damage)
             ... on level 9 of the Dungeon on Oct 5, 2017.
             The game lasted 00:59:42 (10539 turns).

Kunitse the Fighter (Kobold Berserker)             Turns: 10539, Time: 00:59:43

Health: -8/68      AC: 17    Str: 14    XL:     10   Next: 86%
Magic:  10/10      EV: 17    Int:  8    God:    Trog [***...]
Gold:   472        SH:  0    Dex: 19    Spells: 9/9 levels left

rFire    . . .     SeeInvis .   t - +1 falchion (protect)
rCold    . . .     Gourm    .   (shield restricted)
rNeg     . . .     Faith    .   d - +0 ring mail
rPois    .         Spirit   .   (no helmet)
rElec    .         Reflect  .   C - +0 cloak
rCorr    +         Harm     .   i - +1 pair of gloves
MR       +++..                  (no boots)
Stlth    +.........             b - amulet of magic regeneration
Regen    1.3/turn               x - ring of protection from magic
MPRegen  0.2/turn               o - ring of resist corrosion

@: about to teleport, protection aura, regenerating
A: carnivore 3
a: Berserk, Trog's Hand, Burn Spellbooks, Renounce Religion


You were on level 9 of the Dungeon.
You worshipped Trog.
Trog was most pleased with you.
You were very full.

You visited 2 branches of the dungeon, and saw 10 of its levels.

You collected 472 gold pieces.

Inventory:

Hand Weapons
 l - a +2 dagger of venom
 s - a +2 falchion of slicing
 t - a +1 falchion of protection (weapon)
 v - a +0 short sword of freezing
 E - a +1 spear of flaming
 H - a +1 dagger of distortion
Missiles
 u - 12 tomahawks (quivered)
Armour
 d - a +0 ring mail (worn)
 g - a +0 plate armour
 i - a +1 pair of gloves (worn)
 C - a +0 cloak (worn)
 K - a cursed +0 scale mail
Magical Staves
 I - an uncursed staff of summoning {unknown}
Jewellery
 b - an amulet of magic regeneration (around neck)
 o - a ring of resist corrosion (right hand)
 x - a ring of protection from magic (left hand)
 G - a cursed ring of loudness {unknown}
Wands
 a - a wand of flame (13/48)
Scrolls
 e - 6 scrolls of identify
 h - a scroll of enchant weapon
 j - a scroll of recharging {unknown}
 m - 3 scrolls of random uselessness
 n - 2 scrolls of remove curse
 r - 3 scrolls of magic mapping
 y - a scroll of vulnerability {unknown}
Potions
 f - a potion of degeneration {unknown}
 k - a potion of brilliance {unknown}
 p - 2 potions of magic {unknown}
 q - a potion of ambrosia {unknown}
 w - 2 potions of flight
 z - a potion of agility {unknown}
 A - a potion of invisibility {unknown}
 B - 4 potions of mutation {unknown}
 D - a potion of cancellation {unknown}
 L - a potion of resistance
Comestibles
 F - a royal jelly


   Skills:
 + Level 10.3 Fighting
 - Level 6.8(9.3) Short Blades
 + Level 6.3(6.9) Long Blades
 - Level 2.1 Throwing
 + Level 6.3 Armour
 - Level 5.6 Dodging


You had 9 spell levels left.
You didn't know any spells.

Dungeon Overview and Level Annotations

Branches:
Dungeon (9/15)             Temple (0/1) D:6            Lair (1/6) D:8
    Orc: D:9-12

Altars:
Ashenzari
Cheibriados
Gozag
Nemelex Xobeh
Qazlal
Ru
Sif Muna
Trog
Uskayaw
Vehumet
Zin
The Shining One

Annotations:
D:3 1 runed door


Innate Abilities, Weirdness & Mutations

You are small and have problems with some larger weapons.
You are carnivorous and can eat meat at any time.


Message History

The orc priest is heavily wounded.
The orc priest closely misses you.
Okay, then.
You closely miss the orc priest.
The orc priest is heavily wounded.
The orc priest misses you.
The orc priest invokes the aid of Beogh against you.
Beogh smites you!
* * * LOW HITPOINT WARNING * * *
As you read the scroll of teleportation, it crumbles to dust.
You feel strangely unstable. The orc priest closely misses you.
The orc warrior hits you with a battleaxe!
* * * LOW HITPOINT WARNING * * *
The orc priest closely misses you. The orc completely misses you.
You hit the orc priest.
The orc priest is almost dead.
The orc priest closely misses you.
The orc priest hits you but does no damage.
The orc warrior hits you with a battleaxe!!
You die...

.##.......#
###.#.###.#
###.....).#
#....>#...
######'##
##.#### ###
#.# #.# ##.#
#.# ####..#
#.#
####...%##
#.#
....+#######
#o##
###........#
#@o#
#........#
##o.#
#........#
#o#
#........# .#
#####'#### .#
#..# o #.## .
#.#
######.######


You could see an orc warrior, 2 orc priests and an orc.

Vanquished Creatures
  Prince Ribbit (D:9)
  A blink frog (Lair:1)
  Grinder (D:4)
  A hippogriff (D:7)
  Sigmund (D:4)
  A hungry ghost (D:8)
  3 orc warriors
  2 eyes of draining (D:8)
  An ice beast (D:9)
  2 sky beasts (D:6)
  An ogre (D:9)
  3 phantoms
  2 centaurs (D:7)
  2 big kobolds
  6 bullfrogs
  5 scorpions
  10 killer bees
  3 wights (D:6)
  3 howler monkeys (D:8)
  The ghost of Kunitse the Skirmisher, a weakling KoBe of Trog (D:3)
  7 crimson imps
  2 hounds
  6 orc priests
  5 orc wizards
  2 iguanas
  8 worker ants
  A hound zombie (D:9)
  A hound skeleton (D:7)
  Robin (D:4)
  6 gnolls
  16 adders
  A shadow imp (D:7)
  An ooze (D:3)
  An adder zombie (D:6)
  3 adder skeletons
  3 worms
  A leopard gecko (D:4)
  31 orcs
  6 giant cockroaches
  22 goblins
  11 hobgoblins
  8 jackals
  18 kobolds
  7 quokkas
  2 ball pythons
  4 bats
  8 frilled lizards
  5 rats
  A plant (D:8)
238 creatures vanquished.

Notes
Turn   | Place    | Note
-------+----------+-------------------------------------------
     0 | D:1      | Kunitse the Kobold Berserker began the quest for the Orb.
     0 | D:1      | Reached XP level 1. HP: 14/14 MP: 1/1
   177 | D:1      | Reached XP level 2. HP: 19/19 MP: 2/2
   836 | D:2      | Reached skill level 4 in Fighting
   836 | D:2      | Reached XP level 3. HP: 7/24 MP: 3/3
  1142 | D:2      | Found a stormy altar of Qazlal.
  1302 | D:2      | Reached ** piety under Trog
  1446 | D:2      | Reached XP level 4. HP: 23/29 MP: 4/4
  1577 | D:2      | Found a bloodstained altar of Trog.
  1761 | D:2      | Found a sparkling altar of Nemelex Xobeh.
  1891 | D:3      | Noticed Kunitse's ghost (weakling KoBe)
  2080 | D:2      | Reached skill level 5 in Short Blades
  2299 | D:3      | Reached XP level 5. HP: 32/34 MP: 5/5
  2321 | D:3      | Found an opulent altar of Gozag.
  2436 | D:3      | Found a runed door.
  2849 | D:3      | Killed Kunitse's ghost
  2849 | D:3      | Reached skill level 1 in Long Blades
  2849 | D:3      | Reached XP level 6. HP: 22/40 MP: 6/6
  2910 | D:4      | Reached skill level 1 in Throwing
  2941 | D:4      | Found a deep blue altar of Sif Muna.
  2958 | D:4      | Reached skill level 5 in Fighting
  3103 | D:4      | Found a shattered altar of Ashenzari.
  3152 | D:4      | Noticed Robin
  3202 | D:4      | Noticed Sigmund
  3442 | D:4      | Reached XP level 7. HP: 27/44 MP: 7/7
  3455 | D:4      | HP: 2/44 [something (9)]
  3695 | D:4      | HP: 1/44 [something/magic dart (7)]
  3700 | D:5      | Entered Level 5 of the Dungeon
  3700 | D:5      | Found a radiant altar of Vehumet.
  4000 | D:4      | Killed Sigmund
  4027 | D:4      | Killed Robin
  4028 | D:4      | Noticed Grinder
  4055 | D:4      | Killed Grinder
  4055 | D:4      | Reached XP level 8. HP: 47/49 MP: 8/8
  4646 | D:5      | Found a glowing golden altar of the Shining One.
  5034 | D:5      | Reached *** piety under Trog
  5160 | D:5      | Found a sacrificial altar of Ru.
  5246 | D:5      | Found a snail-covered altar of Cheibriados.
  5408 | D:6      | Reached skill level 6 in Fighting
  5430 | D:6      | Reached XP level 9. HP: 53/55 MP: 9/9
  5513 | D:6      | Reached skill level 7 in Fighting
  5570 | D:6      | Reached skill level 5 in Armour
  5580 | D:6      | Noticed a komodo dragon
  5591 | D:6      | Reached skill level 5 in Long Blades
  6000 | D:6      | Found a glowing silver altar of Zin.
  6074 | D:6      | Found a staircase to the Ecumenical Temple.
  6156 | D:6      | Found a stormy altar of Qazlal.
  6311 | D:7      | Found a hide-covered altar of Uskayaw.
  6454 | D:7      | Reached skill level 8 in Fighting
  6947 | D:7      | Noticed a hippogriff
  6959 | D:7      | Killed a hippogriff
  7024 | D:7      | Reached skill level 9 in Fighting
  7024 | D:7      | Reached XP level 10. HP: 48/66 MP: 10/10
  7995 | D:8      | Reached **** piety under Trog
  8138 | D:8      | Reached skill level 10 in Fighting
  8141 | D:8      | Found a staircase to the Lair.
  9067 | D:8      | Reached skill level 5 in Dodging
  9235 | Lair:1   | Entered Level 1 of the Lair of Beasts
  9945 | D:9      | Noticed Prince Ribbit
 10473 | D:9      | Killed Prince Ribbit
 10539 | D:9      | Mangled by an orc warrior

Skill      XL: |  1  2  3  4  5  6  7  8  9 10 |
---------------+-------------------------------+-----
Dodging        | 3 4 5 |  5.6
Fighting       | 4 5 6 9 10 | 10.3
Short Blades   | 5 6 |  6.8
Long Blades    | 1 2 3 4 5 6 |  6.3
Throwing       | 2 |  2.1
Armour         | 3 4 5 6 |  6.3

Action                   |  1- 3 |  4- 6 |  7- 9 | 10-12 || total
-------------------------+-------+-------+-------+-------++-------
Melee: Short sword       |    70 |       |       |       ||    70
       Dagger            |    20 |   161 |       |    16 ||   197
       Falchion          |       |    65 |   317 |   525 ||   907
Invok: Trog's Hand       |       |     7 |    12 |    10 ||    29
       Berserk           |       |       |     1 |     1 ||     2
       Burn Spellbooks   |       |       |     2 |     1 ||     3
  Use: Potion            |     1 |       |     7 |     3 ||    11
       Scroll            |       |     7 |     5 |     2 ||    14
 Stab: Distracted        |     1 |       |       |       ||     1
       Sleeping          |     2 |     3 |       |       ||     5
  Eat: Chunk             |     9 |    10 |     9 |    19 ||    47
       Meat ration       |       |       |       |     2 ||     2
       Royal jelly       |       |       |       |     2 ||     2
Armor: Animal skin       |     5 |    33 |       |       ||    38
       Ring mail         |       |       |    97 |   151 ||   248
       Plate armour      |       |       |       |    16 ||    16
Dodge: Dodged            |    58 |   203 |   330 |   394 ||   985
       Rpst.: Falchion   |       |    21 |    99 |   124 ||   244
